 Dungeon Crawl Stone Soup version 0.30-a0-989-g0d87f670db (webtiles) character file.

Game seed: 6454625475116528265

242 Mesmaeker13 the Trooper (level 6, -2/48 HPs)
             Began as a Barachi Hexslinger on Apr 2, 2023.
             Splashed by a jelly's acid (3 damage)
             ... on level 4 of the Dungeon.
             The game lasted 00:06:29 (2752 turns).

Mesmaeker13 the Trooper (Barachi Hexslinger)        Turns: 2752, Time: 00:06:29

Health: -2/48      AC:  6    Str: 11    XL:     6   Next: 9%
Magic:  7/7        EV:  9    Int: 13    God:
Gold:   184        SH:  5    Dex: 15    Spells: 6/7 levels left

rFire   . . .      SeeInvis .    e - +3 spear (venom)
rCold   . . .      Faith    .    (no shield)
rNeg    . . .      Spirit   .    p - +0 scale mail
rPois   .          Reflect  +    (no helmet)
rElec   .          Rampage  .    (no cloak)
rCorr   .                        (no gloves)
Will    .....                    (no boots) Stlth
                                 w - amulet of reflection
HPRegen 0.28/turn                (no ring)
MPRegen 0.10/turn                (no ring)

@: slow
A: amphibious, slowness 1, strong legs 1, +LOS
a: Hop


You were on level 4 of the Dungeon.
You visited 1 branch of the dungeon, and saw 4 of its levels.

You collected 184 gold pieces.

Inventory:

Hand Weapons
 a - a +1 sling
 e - a +3 spear of venom (weapon)
 t - a +3 vampiric short sword
Missiles
 h - 4 javelins
 r - 8 poisoned darts
Armour
 p - a +0 scale mail (worn)
Jewellery
 w - an amulet of reflection (around neck)
Wands
 u - a wand of roots (5)
 v - a wand of mindburst (1)
Scrolls
 b - a scroll of poison
 d - a scroll of blinking {unknown}
 f - 3 scrolls of vulnerability
 j - a scroll of amnesia {unknown}
 l - a scroll of noise
 m - 2 scrolls of enchant armour
 n - a scroll of magic mapping {unknown}
 o - a scroll of fear {unknown}
 s - 2 scrolls of teleportation
Potions
 c - a potion of attraction
 k - a potion of flight {unknown}
 q - a potion of might {unknown}
 x - 2 potions of haste {unknown}


   Skills:
 + Level 4.1 Fighting
 + Level 3.8 Ranged Weapons
 + Level 2.7 Armour
 - Level 3.2 Dodging
 - Level 1.1 Spellcasting
 - Level 3.2 Hexes


You had 6 spell levels left.
You knew the following spells:

 Your Spells              Type           Power      Damage    Failure   Level
a - Slow                  Hex            36%        N/A       38%         1

Your spell library contained the following spells:

 Spells                   Type           Power      Damage    Failure   Level
 Ensorcelled Hibernation  Hex/Ice        8%         N/A       75%         2
 Passwall                 Tmut/Erth      0%         N/A       93%         2
 Inner Flame              Hex/Fire       4%         N/A       93%         3
 Portal Projectile        Hex/Tloc       8%         N/A       93%         3
 Gell's Gravitas          Tloc           0%         N/A       99%         3
 Swiftness                Air            0%         N/A       99%         3
 Teleport Other           Tloc           0%         N/A       99%         3
 Cause Fear               Hex            4%         N/A       99%         4
 Flame Wave               Conj/Fire      0%         2d4       100%        4
 Sticky Flame             Conj/Fire      0%         2d3       100%        4
 Dispersal                Tloc           0%         N/A       100%        6


Dungeon Overview and Level Annotations

Branches:
Dungeon (4/15)
 Temple: D:4-7

Altars:

Annotations:
D:2 Sigmund


Innate Abilities, Weirdness & Mutations

You are amphibious.
You cover ground slowly.
You can hop short distances.
You have an extended range of vision and can be seen from far away.


Message History

The goblin attacks as you move away! The goblin barely misses you.
The goblin zaps a wand.
The bolt of light hits you! The goblin closely misses you.
The goblin zaps a wand.
The bolt of light misses you.
The gnoll drinks a potion.
The gnoll suddenly seems more resistant.
You feel less confused.
The goblin zaps a wand.
The bolt of light misses you.
You are too injured to fight recklessly!
The endoplasm barely misses you.
A jelly comes into view.
The goblin zaps a wand.
The bolt of light hits the endoplasm!
The endoplasm dies!
The bolt of light hits you.
You are confused.
The jelly quivers.
The goblin zaps a wand.
The bolt of light hits you!
* * * LOW HITPOINT WARNING * * *
The gnoll hits you from afar with a +0 spear.
* * * LOW HITPOINT WARNING * * *
Unknown command.
You feel less confused. The goblin hits you but does no damage.
You block the gnoll's attack.
You closely miss the goblin.
The goblin zaps a wand.
The bolt of light misses you.
The now-empty wand crumbles to dust.
The gnoll barely misses you.
You hit the goblin.
You kill the goblin!
The gnoll hits you with a +0 spear.
* * * LOW HITPOINT WARNING * * *
Unknown command.
You closely miss the gnoll. You block the gnoll's attack.
Unknown command.
You puncture the jelly!
Your hands burn!
* * * LOW HITPOINT WARNING * * *
The jelly is heavily wounded.
The gnoll barely misses you. The jelly hits you but does no damage.
Unknown command.
You hit the jelly.
Your hands burn!
You die...

#...#.....#.# #.# #....# #
#...#.....#.# #.# #.#### #.
#...........###.# #.# #.
#.............#.###.## #..
#.<..................#
#...#....................#
#.#...#........##..........#
...............###.........#
..............@###.........#
...........#.gJ............#
##............###...>.######
#.......!....# #.....#
#............[.#.....#
#....................#
......................#
...............##.....#
.......................


You could see a jelly and a gnoll (resistant).

Vanquished Creatures
  A gnoll sergeant (D:4)
  A jelly (D:4)
  Terence (D:2)
  An iguana (D:4)
  2 gnolls (D:4)
  4 adders
  A dart slug (D:1)
  7 endoplasms
  2 giant cockroaches
  9 goblins
  3 hobgoblins
  3 kobolds
  A quokka (D:3)
  7 ball pythons
  2 bats (D:2)
  4 frilled lizards
  5 rats
54 creatures vanquished.

Vanquished Creatures (others)
  An endoplasm (D:4)
1 creature vanquished.

Grand Total: 55 creatures vanquished

Notes
Turn   | Place    | Note
-------+----------+-------------------------------------------
     0 | D:1      | Mesmaeker13 the Barachi Hexslinger began the quest for the
                  | Orb.
     0 | D:1      | Reached XP level 1. HP: 15/15 MP: 2/2
   189 | D:1      | Reached XP level 2. HP: 18/21 MP: 3/3
   431 | D:1      | Reached skill level 2 in Fighting
   922 | D:2      | Reached XP level 3. HP: 27/27 MP: 4/4
   957 | D:2      | Noticed Terence
  1190 | D:2      | Killed Terence
  1191 | D:2      | Reached XP level 4. HP: 34/34 MP: 5/5
  1216 | D:2      | Noticed Sigmund
  1765 | D:3      | Reached skill level 3 in Fighting
  1833 | D:3      | Reached skill level 1 in Armour
  2280 | D:4      | Noticed a gnoll sergeant
  2385 | D:4      | Reached XP level 5. HP: 41/41 MP: 6/6
  2551 | D:4      | Reached skill level 4 in Fighting
  2551 | D:4      | Reached XP level 6. HP: 19/48 MP: 7/7
  2751 | D:4      | HP: 1/48 [acid (2)]
  2752 | D:4      | Splashed by a jelly's acid

Illustrated notes

Levels and vault maps discovered:
D:1:      scummos_arrival_checkerplants, layout_loops_cross, chequers_jeans,
          minmay_pentomino_u4
D:2:      layout_loops_ring, uniq_sigmund, uniq_terence
D:3:      layout_rooms
D:4:      layout_basic

Skill      XL: |  1  2  3  4  5 |
---------------+----------------+-----
Fighting       | 2 3 4 |  4.1
Dodging        | 3 |  3.2
Ranged Weapons | 3 |  3.8
Armour         | 1 2 |  2.7
Spellcasting   | |  1.1
Hexes          | |  3.2

Action                     |  1- 3 |  4- 6 || total
---------------------------+-------+-------++-------
  Melee: Mace              |    23 |       ||    23
         Short sword       |       |    38 ||    38
         Spear             |       |     6 ||     6
   Fire: Sling             |    68 |    51 ||   119
   Cast: Slow              |     2 |       ||     2
Ability: Hop               |       |     3 ||     3
  Evoke: Wand              |       |     7 ||     7
    Use: Scroll            |     4 |     2 ||     6
         Potion            |       |     4 ||     4
 Armour: Robe              |     9 |       ||     9
         Scale mail        |       |    39 ||    39
  Dodge: Dodged            |    42 |    32 ||    74
  Block: Other             |       |     2 ||     2

Table legend: (Time is in decaauts)
 A = Elapsed time spent in this place.
 B = Non-inter-level travel time spent in this place.
 C = Inter-level travel time spent in this place.
 D = Time resting spent in this place.
 E = Time spent auto-exploring this place.
 F = Levels seen in this place.
 G = Mean time per level.
                   A        B        C        D        E       F      G
               +--------+--------+--------+--------+--------+-----+--------+
         Total |   3121 |   2998 |    123 |    791 |   1417 |   4 |  780.2 |
       Dungeon |   3121 |   2998 |    123 |    791 |   1417 |   4 |  780.2 |
               +--------+--------+--------+--------+--------+-----+--------+

Top non-repeatable levels by time:
     D:1: 1097 daAuts
     D:3: 825 daAuts
     D:2: 705 daAuts
     D:4: 493 daAuts
